 Dungeon Crawl Stone Soup version 0.31-a0-1540-g5a0b83f448 (webtiles) character file.

Game seed: 9861469269666060597

1178 grandjackal the Trooper (level 8, 0/65 HPs)
             Began as a Demonspawn Chaos Knight on Jan 1, 2024.
             Was a Plaything of Xom.
             Killed by nerve-wracking pain
             ... invoked by Menkaure
              (12 damage)
             ... on level 6 of the Dungeon.
             The game lasted 00:05:03 (3611 turns).

grandjackal the Trooper (Demonspawn Chaos Knight)   Turns: 3611, Time: 00:05:03

Health: 0/65       AC: 10    Str: 13    XL:     8   Next: 18%
Magic:  8/8        EV:  9    Int: 13    God:    Xom [....*.]
Gold:   175        SH:  4    Dex: 16    Spells: 7/7 levels left

rFire   + + .        a - +0 hand axe (chaos)
rCold   . . .        (no shield)
rNeg    . . .        l - +0 scale mail
rPois   .            F - +0 helmet
rElec   .            (no cloak)
rCorr   +            h - +0 pair of gloves
SInv    .            (no boots)
Will    .....        (no amulet) Stlth
                     z - ring of protection from fire
HPRegen 1.10/turn    e - ring of resist corrosion
MPRegen 0.11/turn

%: no passive effects
@: no status effects
A: claws 2, slimy green scales 1, spiny 1, condensation shield, agile 1, fire
resistance 1, regeneration 1
a: Renounce Religion


You were on level 6 of the Dungeon.
You worshipped Xom.
You were a beloved toy of Xom.
You visited 1 branch of the dungeon, and saw 7 of its levels.

You collected 175 gold pieces.

Inventory:

Hand Weapons
 a - a +0 hand axe of chaos (weapon)
Armour
 h - a +0 pair of gloves (worn)
 l - a +0 scale mail (worn)
 F - a +0 helmet (worn)
Jewellery
 e - a ring of resist corrosion (right hand)
 r - a ring of fire
 z - a ring of protection from fire (left hand)
 D - a ring of magical power
Wands
 b - a wand of quicksilver (10)
 m - a wand of polymorph (10)
 u - a wand of paralysis (16)
Scrolls
 c - 2 scrolls of butterflies
 d - 7 scrolls of identify {unknown}
 f - a scroll of amnesia {unknown}
 g - 3 scrolls of vulnerability {unknown}
 i - a scroll of torment {unknown}
 k - 3 scrolls of fear {unknown}
 p - 2 scrolls of teleportation {unknown}
 w - a scroll of brand weapon {unknown}
 x - a scroll of poison {unknown}
 y - a scroll of noise {unknown}
 B - a scroll of enchant weapon {unknown}
Potions
 j - 2 potions of berserk rage {unknown}
 n - a potion of attraction {unknown}
 o - 2 potions of enlightenment {unknown}
 q - a potion of ambrosia {unknown}
 s - 2 potions of heal wounds {unknown}
 t - a potion of invisibility {unknown}
 v - a potion of cancellation {unknown}
 A - a potion of curing {unknown}
 C - a potion of lignification
 E - a potion of magic {unknown}


   Skills:
 + Level 6.4 Fighting
 - Level 4.0 Axes
 - Level 2.0 Armour
 - Level 2.0 Dodging
 + Level 3.8 Unarmed Combat
 + Level 4.8 Evocations


You had 7 spell levels left.
You didn't know any spells.
Your spell library contained the following spells:

 Spells                   Type           Power      Damage    Failure   Level
 Freeze                   Ice            0%         1d3       82%         1
 Blink                    Tloc           0%         N/A       91%         2
 Ensorcelled Hibernation  Hex/Ice        0%         N/A       91%         2
 Lesser Beckoning         Tloc           0%         N/A       91%         2
 Momentum Strike          Conj/Tloc      0%         3d8       91%         2
 Dazzling Flash           Conj/Hex       0%         N/A       99%         3
 Fugue of the Fallen      Necr           0%         N/A       99%         3
 Ozocubu's Armour         Ice            0%         N/A       99%         3
 Passwall                 Erth           0%         N/A       99%         3
 Stone Arrow              Conj/Erth      0%         3d7       99%         3
 Swiftness                Air            0%         N/A       99%         3
 Volatile Blastmotes      Fire/Tloc      0%         2d10      99%         3
 Animate Armour           Summ/Erth      0%         N/A       100%        4
 Flame Wave               Conj/Fire      0%         2d4       100%        4
 Manifold Assault         Tloc           0%         N/A       100%        4
 Starburst                Conj/Fire      0%         6d3       100%        6
 Lehudib's Crystal Spear  Conj/Erth      0%         10d2      100%        8
 Maxwell's Capacitive Co  Air            0%         ∞         100%        8
 Fire Storm               Conj/Fire      0%         5d1       100%        9


Dungeon Overview and Level Annotations

Branches:
Dungeon (7/15)             Temple (0/1) D:4

Altars:
Dithmenos
Qazlal
Ru
Xom

Shops:
D:1 =

Annotations:
D:5 Blork the orc
D:6 Menkaure


Innate Abilities, Weirdness & Mutations

You have very sharp fingernails.
You are partially covered in slimy green scales. (AC +2)
You are partially covered in sharp spines.
A meltable shield of frost defends you. (SH +4)
You are agile. (Dex +4, Str/Int -1)
Your flesh is heat resistant. (rF+)
Your natural rate of healing is unusually fast.


Message History

The gnoll is heavily wounded.
The gnoll barely misses you. The gnoll is struck by your spines.
The gnoll barely misses you.
You hit the gnoll.
The gnoll is severely wounded.
Menkaure grins.
The gnoll hits you with a +0 flail. The gnoll closely misses you.
You barely miss the gnoll.
The gnoll is heavily wounded.
The gnoll hits you with a +0 flail. The gnoll hits you but does no damage.
You closely miss the gnoll.
The gnoll is heavily wounded.
The gnoll is struck by your spines. The gnoll hits you but does no damage.
The gnoll barely misses you.
You hit the gnoll but do no damage.
The gnoll blinks!
The gnoll is severely wounded.
The gnoll hits you from afar with a +0 spear.
The gnoll hits you with a +0 flail. The gnoll attacks as it pursues you!
The gnoll barely misses you.
You closely miss the gnoll.
The gnoll is severely wounded.
The gnoll barely misses you. You block the gnoll's attack.
The gnoll hits you with a +0 spear.
There is a stone staircase leading down, spattered with blood here.
You closely miss Menkaure. You punch Menkaure.
Menkaure is lightly damaged.
You barely miss the gnoll. You hit the gnoll.
The gnoll is poisoned.
The gnoll is struck by your spines.
You kill the gnoll!
The gnoll completely misses you. Menkaure hits you!
* * * LOW HITPOINT WARNING * * *
You closely miss Menkaure.
Menkaure is lightly damaged.
You hit the gnoll.
The gnoll is poisoned.
The gnoll is struck by your spines. The gnoll hits you with a +0 spear.
* * * LOW HITPOINT WARNING * * *
Menkaure casts a spell at you. Pain shoots through your body!
You die...
Xom howls with laughter!

### #.. #M#
# #.# .# #
#.# ##.#.#
#g####b..$.
#.#....b.
#[#.##.###.#
#))g@).....#
###M##.#####
#.# .# #.#
.# #.# .#
#.# .# #.#
.# #.# .#
#.#


You could see Menkaure (ally target) and a gnoll (very poisoned).

Vanquished Creatures
  Grinder (D:5)
  A wyvern (D:5)
  A black bear (D:5)
  An ogre (D:5)
  A centaur (D:5)
  A scorpion (D:4)
  A howler monkey (D:5)
  3 bombardier beetles
  A hound (D:4)
  An iguana (D:4)
  A sleepcap (D:5)
  A gnoll bouda (D:6)
  An orc wizard (D:5)
  Robin (D:2)
  7 adders
  4 gnolls
  A shadow imp (D:5)
  A white imp (D:5)
  3 dart slugs
  4 ribbon worms
  3 orcs
  6 bats
  3 endoplasms
  2 giant cockroaches
  13 goblins
  9 hobgoblins
  2 jackals (D:4)
  4 kobolds
  7 quokkas
  6 ball pythons
  2 frilled lizards
  3 rats
96 creatures vanquished.

Vanquished Creatures (collateral kills)
  Ijyb (D:4)
  A giant cockroach (D:4)
  A bat (D:3)
3 creatures vanquished.

Vanquished Creatures (others)
  Dowan (D:5)
  A ribbon worm (D:5)
  An orc (D:5)
3 creatures vanquished.

Grand Total: 102 creatures vanquished

Notes
Turn   | Place    | Note
-------+----------+-------------------------------------------
     0 | D:1      | grandjackal the Demonspawn Chaos Knight began the quest for
                  | the Orb.
     0 | D:1      | Reached XP level 1. HP: 18/18 MP: 1/1
    36 | D:1      | XOM: silly message
    43 | D:1      | Reached skill level 1 in Dodging
   179 | D:1      | Gained mutation: You are partially covered in sharp spines.
                  | [demonic ancestry]
   179 | D:1      | Reached XP level 2. HP: 24/24 MP: 2/2
   271 | D:1      | XOM: 2-stop teleportation journey
   356 | D:1      | Found Sishrir's Jewellery Shoppe.
   473 | D:1      | XOM: give mutations
   473 | D:1      | Gained mutation: Your natural rate of healing is unusually
                  | fast. [Xom's grace]
   473 | D:1      | Gained mutation: Your flesh is heat resistant. (rF+) [Xom's
                  | grace]
   571 | D:2      | Noticed Robin
   579 | D:2      | XOM: enchant monster (good)
   591 | D:2      | Gained mutation: A meltable shield of frost defends you.
                  | (SH +4) [demonic ancestry]
   591 | D:2      | Reached XP level 3. HP: 26/29 MP: 3/3
   600 | D:2      | Killed Robin
  1017 | D:2      | Gained mutation: You are partially covered in slimy green
                  | scales. (AC +2) [demonic ancestry]
  1017 | D:2      | Reached XP level 4. HP: 30/37 MP: 4/4
  1415 | D:3      | Reached skill level 4 in Fighting
  1490 | D:3      | XOM: summons 4 friendly demons
  1495 | D:3      | Reached skill level 1 in Evocations
  1495 | D:3      | Gained mutation: You have sharp fingernails. [demonic
                  | ancestry]
  1495 | D:3      | Reached XP level 5. HP: 42/42 MP: 5/5
  1528 | D:3      | Found a sacrificial altar of Ru.
  1529 | D:3      | Found a stormy altar of Qazlal.
  1534 | D:3      | Found a shadowy altar of Dithmenos.
  1602 | D:3      | XOM: scenery: create altars
  1730 | D:3      | XOM: god gift: silvery potion {god gift}
  1840 | D:3      | XOM: give mutations
  1840 | D:3      | Gained mutation: You are agile. (Dex +4, Str/Int -1) [Xom's
                  | grace]
  1840 | D:3      | Gained mutation: You have very sharp fingernails. [Xom's
                  | grace]
  1930 | D:4      | Found a staircase to the Ecumenical Temple.
  1958 | D:4      | Noticed Ijyb
  1960 | D:4      | Paralysed by Ijyb for 5 turns
  1962 | D:4      | XOM: summons 2 friendly demons
  1968 | D:4      | Killed Ijyb
  2185 | D:4      | XOM: divination: magic mapping
  2267 | D:4      | Reached XP level 6. HP: 46/49 MP: 6/6
  2423 | D:4      | XOM: noise
  2520 | D:4      | Reached skill level 1 in Unarmed Combat
  2685 | D:5      | Entered Level 5 of the Dungeon
  2740 | D:5      | Reached skill level 5 in Fighting
  2831 | D:5      | Noticed Grinder
  2837 | D:5      | XOM: potion effect (berserk rage)
  2837 | D:5      | Paralysed by Grinder for 5 turns
  2845 | D:5      | Mutation became permanent: You have sharp fingernails.
                  | [demonic ancestry]
  2845 | D:5      | Gained mutation: You have very sharp fingernails. [demonic
                  | ancestry]
  2845 | D:5      | Reached XP level 7. HP: 56/56 MP: 7/7
  2847 | D:5      | Killed Grinder
  2895 | D:5      | Noticed a wyvern
  2902 | D:5      | Killed a wyvern
  2919 | D:5      | Reached skill level 6 in Fighting
  2975 | D:5      | XOM: scenery: create altars
  3096 | D:5      | XOM: divination: detect items
  3097 | D:5      | Noticed Blork the orc
  3102 | D:5      | XOM: summons friendly crimson imp
  3108 | D:5      | XOM: noise
  3117 | D:4      | Reached XP level 8. HP: 23/64 MP: 8/8
  3303 | D:5      | Noticed Dowan
  3305 | D:5      | Noticed Duvessa
  3306 | D:5      | Killed Dowan
  3306 | D:5      | XOM: divine lightning
  3313 | D:5      | Duvessa changed into Duvessa the centaur
  3313 | D:5      | Noticed Duvessa
  3316 | D:5      | Killed Duvessa the centaur
  3421 | D:5      | Got Vv's Volume of the Cooper
  3514 | D:5      | XOM: noise
  3531 | D:6      | XOM: god gift: helmet {god gift}
  3562 | D:6      | Noticed Menkaure
  3601 | D:6      | XOM: butterfly on damage
  3611 | D:6      | Killed from afar by Menkaure

Illustrated notes

Levels and vault maps discovered:
D:1:      amcnicky_arrival_feature_with_door, layout_rooms, serial_shops,
          nicolae_shop_stone, nrook_loot_triangle
D:2:      layout_basic, minmay_misc_feat_secret_circle, grunt_ministairs_7,
          minmay_heptomino_l4, uniq_robin
D:3:      layout_loops_cross, nicolae_overflow_macrodata_refinement
D:4:      layout_gridville, minmay_temple_entry_drinking_statues, uniq_ijyb
D:5:      layout_basic, uniq_grinder, uniq_blork_the_orc, uniq_duvessa
D:6:      layout_loops_ring, uniq_menkaure
D:7:      layout_basic, serial_shops, shop, nicolae_shop_sticking_my_neck_out,
          uniq_pikel, uniq_maggie

Skill      XL: |  1  2  3  4  5  6  7 |
---------------+----------------------+-----
Dodging        | 1 2 |  2.0
Armour         | 2 |  2.0
Axes           | 3 4 |  4.0
Fighting       | 4 5 6 |  6.4
Evocations     | 1 2 3 4 |  4.8
Unarmed Combat | 2 3 |  3.8

Action                     |  1- 3 |  4- 6 |  7- 9 || total
---------------------------+-------+-------+-------++-------
  Melee: Hand axe          |    66 |   120 |    62 ||   248
         Punch             |       |     1 |     3 ||     4
    Use: Potion            |       |     1 |       ||     1
   Stab: Petrifying        |       |       |     1 ||     1
 Armour: Leather armour    |    42 |       |       ||    42
         Scale mail        |    13 |    60 |    73 ||   146
  Dodge: Dodged            |    33 |    36 |    30 ||    99
  Block: Other             |     4 |    16 |    12 ||    32

Table legend: (Time is in decaauts)
 A = Elapsed time spent in this place.
 B = Non-inter-level travel time spent in this place.
 C = Inter-level travel time spent in this place.
 D = Time resting spent in this place.
 E = Time spent auto-exploring this place.
 F = Levels seen in this place.
 G = Mean time per level.
                   A        B        C        D        E       F      G
               +--------+--------+--------+--------+--------+-----+--------+
         Total |   3648 |   3355 |    293 |    384 |   2246 |   7 |  521.1 |
       Dungeon |   3648 |   3355 |    293 |    384 |   2246 |   7 |  521.1 |
               +--------+--------+--------+--------+--------+-----+--------+

Top non-repeatable levels by time:
     D:4: 963 daAuts
     D:2: 779 daAuts
     D:3: 675 daAuts
     D:5: 655 daAuts
     D:1: 488 daAuts
     D:6: 52 daAuts
     D:7: 33 daAuts
